 Dungeon Crawl Stone Soup version 0.30-a0-711-gf4ac18a38d (webtiles) character file.

Game seed: 15684181125479276230

3287 rddays123 the Cleaver (level 9, -9/82 HPs)
             Began as a Minotaur Fighter on Jan 22, 2023.
             Killed from afar by a deep elf zephyrmancer (25 damage)
             ... with a bolt of lightning
             ... in a bailey on Jan 23, 2023.
             The game lasted 00:22:14 (5869 turns).

rddays123 the Cleaver (Minotaur Fighter)            Turns: 5869, Time: 00:22:14

Health: -9/82      AC: 15    Str: 29    XL:     9   Next: 69%
Magic:  8/8        EV:  8    Int:  5    God:
Gold:   371        SH:  5    Dex: 12    Spells: 8/8 levels left

rFire   . . .      SeeInvis .    a - +0 war axe
rCold   . . .      Faith    .    c - +0 buckler
rNeg    . . .      Spirit   .    F - +3 chain mail
rPois   .          Reflect  .    (helmet restricted)
rElec   .          Harm     .    n - +0 cloak {rCorr}
rCorr   +          Rampage  .    p - +0 pair of gloves
Will    .....                    E - +0 pair of boots Stlth
                                 z - amulet of regeneration
HPRegen 1.13/turn                k - +6 ring of strength
MPRegen 0.11/turn                l - ring of flight

@: flying
A: horns 2, retaliatory headbutt
a: no special abilities


You were in a bailey.
You visited 2 branches of the dungeon, and saw 8 of its levels.
You also visited: Bailey.

You collected 371 gold pieces.

Inventory:

Hand Weapons
 a - a +0 war axe (weapon)
 x - a +0 morningstar
 C - the +6 shillelagh "Devastator" {shatter}
   (You found it on level 5 of the Dungeon)
Armour
 b - a +0 scale mail
 c - a +0 buckler (worn)
 n - a +0 cloak of preservation (worn)
 o - a +0 plate armour
 p - a +0 pair of gloves (worn)
 E - a +0 pair of boots (worn)
 F - a +3 chain mail (worn)
Jewellery
 k - a +6 ring of strength (left hand)
 l - a ring of flight (right hand)
 m - an amulet of faith
 u - a +6 ring of dexterity
 y - a ring of ice
 z - an amulet of regeneration (around neck)
Wands
 v - a wand of mindburst (17)
 A - a wand of charming (5)
 I - a wand of roots (9)
Scrolls
 f - 3 scrolls of enchant armour {unknown}
 g - 4 scrolls of silence {unknown}
 h - 2 scrolls of vulnerability {unknown}
 i - 2 scrolls of teleportation {unknown}
 j - a scroll of fear {unknown}
 q - a scroll of fog {unknown}
 t - 2 scrolls of torment {unknown}
 w - 3 scrolls of immolation {unknown}
 G - a scroll of noise {unknown}
Potions
 d - a potion of might
 e - 3 potions of degeneration
 r - 2 potions of heal wounds
 s - a potion of lignification
 B - 3 potions of ambrosia
 D - a potion of flight
 H - a potion of magic
 J - a potion of curing {unknown}
 K - a potion of brilliance


   Skills:
 + Level 8.9 Fighting
 + Level 13.9 Axes
 - Level 4.0 Armour
 - Level 0.6 Dodging
 - Level 4.3 Shields


You had 8 spell levels left.
You didn't know any spells.
Your spell library contained the following spells:

 Spells                   Type           Power      Damage    Failure   Level
 Freeze                   Ice            0%         1d3       98%         1
 Sting                    Tmut/Pois      0%         1d3       98%         1
 Poisonous Vapours        Pois/Air       0%         N/A       99%         2
 Sublimation of Blood     Necr           0%         N/A       99%         2
 Wereblood                Tmut           0%         N/A       99%         2
 Frozen Ramparts          Ice            0%         1d1       100%        3
 Hailstorm                Conj/Ice       0%         3d3       100%        3
 Stone Arrow              Conj/Erth      0%         3d7       100%        3
 Vhi's Electric Charge    Tloc/Air       0%         N/A       100%        3
 Animate Armour           Summ/Erth      0%         N/A       100%        4
 Olgreb's Toxic Radiance  Pois           0%         N/A       100%        4
 Arcjolt                  Conj/Air       0%         1d10      100%        5
 Summon Hydra             Summ           0%         N/A       100%        7
 Lehudib's Crystal Spear  Conj/Erth      0%         10d2      100%        8
 Maxwell's Capacitive Co  Air            0%         ∞         100%        8


Dungeon Overview and Level Annotations

Branches:
Dungeon (7/15)             Temple (1/1) D:5          Bailey (1/1)

Altars:
Cheibriados
Dithmenos
Elyvilon
Fedhas
Gozag
Hepliaklqana
Kikubaaqudgha
Makhleb
Nemelex Xobeh
Qazlal
Ru
Sif Muna
Trog
Uskayaw
Vehumet
Wu Jian
Xom
Yredelemnul
Zin
The Shining One

Shops:
D:2 =

Annotations:
D:3 Grinder


Innate Abilities, Weirdness & Mutations

You have a pair of horns on your head.
You reflexively headbutt those who attack you in melee.


Message History

You hit the orc knight.
The orc knight is severely wounded.
The orc knight hits you with a +0 glaive.
You slash the orc knight!
The orc knight is almost dead.
The orc knight hits you but does no damage.
You slash the orc knight!
You kill the orc knight!
Things that are here:
a +0 glaive; a +0 plate armour; an orc corpse You start resting.
HP restored.
o - a +0 plate armour
There is a large open door, spattered with blood here.
Items here: )) [[ ††.
You now have 357 gold pieces (gained 13).
The deep elf zephyrmancer shouts!
Found eight items.
You now have 371 gold pieces (gained 14).
Found 15 gold pieces.
You reach down and open the large door.
The deep elf zephyrmancer gestures at you while chanting.
The bolt of lightning hits you!! x2
The deep elf zephyrmancer hits you but does no damage.
There is a large open translucent door here.
You barely miss the deep elf zephyrmancer.
Your headbutt misses the deep elf zephyrmancer.
The deep elf zephyrmancer points at you and mumbles some strange words.
The bolt of lightning misses you. x2
You hit the deep elf zephyrmancer.
Your headbutt misses the deep elf zephyrmancer.
The deep elf zephyrmancer is lightly wounded.
The deep elf zephyrmancer points at you and mumbles some strange words.
The bolt of lightning misses you. The bolt of lightning hits you!!
* * * LOW HITPOINT WARNING * * *
You slash the deep elf zephyrmancer!
The deep elf zephyrmancer is heavily wounded.
The deep elf zephyrmancer casts a spell at you.
The bolt of lightning hits you!!
You die...

#### #
#..##########.$
#..............
##...8....8...#
#..###@'###..#
#..##.e..##..#
#..#......#.o#
#..#..##..#..#
#..#..# ..#..#
#..#!!![)!#..#
#..##$}$}##..#
#..########..#
##...8...)8...##


You could see a deep elf zephyrmancer.

Vanquished Creatures
  An orc knight (Bailey)
  Sigmund (D:5)
  2 steam dragons (D:7)
  2 black bears
  4 orc warriors
  A sky beast (D:7)
  3 ogres
  3 centaurs (D:6)
  A phantom (D:7)
  A bullfrog (D:6)
  4 scorpions
  A necrophage (D:4)
  An electric eel (D:6)
  A howler monkey (D:7)
  A jelly (D:6)
  An orc priest (D:4)
  3 hounds
  Crazy Yiuf (D:2)
  A gnoll bouda (D:6)
  Ijyb (D:3)
  Jessica (D:2)
  3 iguanas (D:5)
  Terence (D:2)
  4 orc wizards
  14 gnolls
  8 adders
  A white imp (D:6)
  2 dart slugs
  16 orcs
  4 endoplasms
  2 giant cockroaches (D:1)
  8 goblins
  5 hobgoblins
  11 jackals
  2 quokkas (D:2)
  10 ball pythons
  3 bats
  4 frilled lizards
  3 kobolds
  A rat (D:3)
  A butterfly (D:5)
138 creatures vanquished.

Vanquished Creatures (others)
  A bullfrog (D:7)
  A butterfly (D:4)
2 creatures vanquished.

Grand Total: 140 creatures vanquished

Notes
Turn   | Place    | Note
-------+----------+-------------------------------------------
     0 | D:1      | rddays123 the Minotaur Fighter began the quest for the Orb.
     0 | D:1      | Reached XP level 1. HP: 19/19 MP: 0/0
   115 | D:1      | Reached XP level 2. HP: 27/27 MP: 1/1
   226 | D:1      | Found a faded altar of an unknown god.
   544 | D:1      | Reached XP level 3. HP: 33/33 MP: 2/2
   671 | D:2      | Noticed Jessica
   682 | D:2      | Killed Jessica
   683 | D:2      | Reached skill level 3 in Axes
   798 | D:2      | Reached XP level 4. HP: 17/41 MP: 3/3
   928 | D:2      | Found Reapeitu's Jewellery Shop.
   936 | D:2      | Upgraded the game from 0.30-a0-702-gdf48620a09 to
                  | 0.30-a0-711-gf4ac18a38d
  1071 | D:2      | Noticed Terence
  1081 | D:2      | Killed Terence
  1138 | D:2      | Found a runed translucent door.
  1139 | D:2      | Noticed Crazy Yiuf
  1145 | D:2      | Killed Crazy Yiuf
  1146 | D:2      | Reached skill level 4 in Axes
  1606 | D:2      | Found a sacrificial altar of Ru.
  1989 | D:3      | Reached XP level 5. HP: 47/47 MP: 4/4
  2296 | D:3      | Noticed Ijyb
  2310 | D:3      | Killed Ijyb
  2311 | D:3      | Reached skill level 5 in Fighting
  2311 | D:3      | Reached skill level 5 in Axes
  2384 | D:3      | Noticed Grinder
  2674 | D:4      | Reached XP level 6. HP: 56/56 MP: 5/5
  2697 | D:4      | Reached skill level 6 in Axes
  2778 | D:4      | Reached skill level 7 in Axes
  3190 | D:4      | Found a white marble altar of Elyvilon.
  3392 | D:5      | Entered Level 5 of the Dungeon
  3418 | D:5      | Noticed Sigmund
  3426 | D:5      | Killed Sigmund
  3427 | D:5      | Reached skill level 8 in Axes
  3427 | D:5      | Reached XP level 7. HP: 59/62 MP: 6/6
  3557 | D:5      | Found a staircase to the Ecumenical Temple.
  3571 | Temple   | Entered the Ecumenical Temple
  3829 | D:5      | Reached skill level 9 in Axes
  3918 | D:5      | Reached XP level 8. HP: 71/71 MP: 7/7
  3986 | D:5      | Found a shadowy altar of Dithmenos.
  4163 | D:5      | Found the +6 shillelagh "Devastator" {shatter}
  4175 | D:5      | Reached skill level 10 in Axes
  4473 | D:6      | Reached skill level 11 in Axes
  4925 | D:6      | Reached skill level 12 in Axes
  4925 | D:6      | Reached XP level 9. HP: 77/79 MP: 8/8
  5182 | D:6      | Identified the +0 helmet of Kikubaaqudgha's Grace {Drain
                  | Str+4}
  5510 | D:7      | Found a flagged portal.
  5550 | D:7      | Reached skill level 13 in Axes
  5557 | Bailey   | Entered a bailey
  5658 | Bailey   | Found a large runed translucent door.
  5658 | Bailey   | Found a large runed translucent door.
  5658 | Bailey   | Noticed an orc knight
  5810 | Bailey   | Killed an orc knight
  5847 | Bailey   | Noticed a deep elf zephyrmancer
  5869 | Bailey   | Killed from afar by a deep elf zephyrmancer

Illustrated notes

Levels and vault maps discovered:
D:1:      elethiomel_arrival_shortcut, layout_loops_cross,
          hellmonk_ecumenical_altar_arch_garden
D:2:      layout_loops_corners, basic_altar, serial_shops, shop,
          uniq_crazy_yiuf_cottage, uniq_terence, uniq_jessica
D:3:      layout_basic, uniq_grinder, uniq_ijyb
D:4:      layout_basic, nicolae_elyvilon_peaceful_grove
D:5:      layout_rooms, marbit_many_paths, minmay_temple_entry_butterflies,
          uniq_sigmund
D:6:      cheibrodos_helix_gallery, layout_loops_corners
D:7:      layout_basic, old_standard_altar, enter_bailey_6
Temple:   nicolae_temple_bog_church
Bailey:   bailey_polearm_elven_captive_hellmonk, bailey

Skill      XL: |  1  2  3  4  5  6  7  8  9 |
---------------+----------------------------+-----
Fighting       | 4 5 6 7 8 |  8.9
Shields        | 4 |  4.3
Axes           | 3 4 5 8 9 12 13 | 13.9
Armour         | 4 |  4.0
Dodging        | |  0.6

Action                     |  1- 3 |  4- 6 |  7- 9 || total
---------------------------+-------+-------+-------++-------
  Melee: War axe           |    81 |    98 |   189 ||   368
         Headbutt          |     3 |    19 |    52 ||    74
    Use: Potion            |       |     1 |       ||     1
         Scroll            |       |       |     6 ||     6
 Armour: Scale mail        |    49 |    41 |    20 ||   110
         Chain mail        |       |       |    82 ||    82
  Dodge: Dodged            |    47 |    44 |    79 ||   170
  Block: Buckler           |    21 |    20 |    39 ||    80

Table legend: (Time is in decaauts)
 A = Elapsed time spent in this place.
 B = Non-inter-level travel time spent in this place.
 C = Inter-level travel time spent in this place.
 D = Time resting spent in this place.
 E = Time spent auto-exploring this place.
 F = Levels seen in this place.
 G = Mean time per level.
                   A        B        C        D        E       F      G
               +--------+--------+--------+--------+--------+-----+--------+
         Total |   5932 |   5830 |    102 |    633 |   3759 |   9 |  659.1 |
       Dungeon |   5382 |   5295 |     87 |    573 |   3568 |   7 |  768.9 |
        Temple |    244 |    230 |     14 |      0 |    191 |   1 |  244.0 |
        Bailey |    306 |    306 |      0 |     60 |      0 |   1 |  306.0 |
               +--------+--------+--------+--------+--------+-----+--------+

Top non-repeatable levels by time:
     D:2: 1241 daAuts
     D:6: 1127 daAuts
     D:4: 994 daAuts
     D:5: 688 daAuts
     D:1: 652 daAuts
     D:3: 561 daAuts
  Bailey: 306 daAuts
  Temple: 244 daAuts
     D:7: 117 daAuts
